 Dungeon Crawl Stone Soup version 0.29.1-15-g9cfb28693d (webtiles) character file.

Game seed: 14152831935508319632

9 monsoonserge the Trooper (level 2, -2/24 HPs)
             Began as a Formicid Abyssal Knight on Apr 27, 2023.
             Was a Believer of Lugonu.
             Slain by a kobold
             ... wielding a +4 whip
              (4 damage)
             ... on level 1 of the Dungeon.
             The game lasted 00:03:30 (745 turns).

monsoonserge the Trooper (Formicid Abyssal Knight)   Turns: 745, Time: 00:03:31

Health: -2/24      AC:  3    Str: 17    XL:     2   Next: 25%
Magic:  3/3        EV: 11    Int:  9    God:    Lugonu [**....]
Gold:   46         SH:  0    Dex: 14    Spells: 1/1 levels left

rFire   . . .      SeeInvis +   c - +0 triple sword
rCold   . . .      Faith    .   (no shield)
rNeg    . . .      Spirit   .   b - +0 leather armour
rPois   .          Reflect  .   (helmet unavailable)
rElec   .          Harm     .   (no cloak)
rCorr   .          Rampage  .   (no gloves)
Will    .....                   (no boots)
Stlth   +.........              (no amulet)
HPRegen 0.08/turn               (no ring)
MPRegen 0.08/turn               (no ring)

@: no status effects
A: permanent stasis, dig shafts and tunnels, antennae 3, four strong arms
a: Dig, Shaft Self, Renounce Religion, Depart the Abyss, Bend Space


You were on level 1 of the Dungeon.
You worshipped Lugonu.
Lugonu was pleased with you.
You visited 1 branch of the dungeon, and saw 1 of its levels.
You visited the Abyss 1 time.

You collected 46 gold pieces.

Inventory:

Hand Weapons
 a - a +1 mace
 c - a +0 triple sword (weapon)
Armour
 b - a +0 leather armour (worn)
Scrolls
 d - a scroll of acquirement {unknown}
 e - 2 scrolls of blinking {unknown}
 f - a scroll of teleportation {unknown}
 h - a scroll of enchant armour {unknown}
Potions
 g - 2 potions of brilliance {unknown}


   Skills:
 + Level 3.5 Fighting
 * Level 0.7 Long Blades
 + Level 2.1 Maces & Flails
 + Level 2.2 Armour
 + Level 0.9 Dodging
 * Level 2.3 Invocations


You had one spell level left.
You didn't know any spells.
Your spell library contained the following spells:

 Spells                   Type           Power      Damage    Failure   Level
 Apportation              Tloc           0%         N/A       43%         1
 Alistair's Intoxication  Tmut/Pois      0%         N/A       100%        5


Dungeon Overview and Level Annotations

Branches:
Dungeon (1/15)

Altars:


Innate Abilities, Weirdness & Mutations

You cannot be hasted, slowed, berserked, paralysed or teleported.
You can dig through walls and to a lower floor.
You have a pair of large antennae on your head. (SInv)
Your four strong arms can wield two-handed weapons with a shield.


Message History

The rat bites you.
You slash the rat!
You kill the rat!
Lugonu accepts your kill.
You see here a rat corpse.
HP restored.
You sense a monster nearby.
A goblin comes into view. It is wielding a +0 club.
A bat comes into view.
The goblin shouts!
The goblin hits you with a +0 club.
You closely miss the goblin. The goblin hits you with a +0 club.
The goblin barely misses you.
You miss the goblin. The goblin hits you with a +0 club.
You slash the goblin!
You kill the goblin!
Lugonu accepts your kill. The bat misses you.
The bat hits you but does no damage.
You closely miss the bat. The bat barely misses you. The bat hits you. x2
The bat completely misses you. The bat barely misses you.
You slice the bat!!
You kill the bat!
Lugonu accepts your kill.
Things that are here:
a +0 club; a bat corpse; a goblin corpse
i - an amulet of faith You drop an amulet of faith.
A kobold comes into view. It is wielding a +4 whip.
The kobold shouts!
You closely miss the kobold. The kobold barely misses you.
You barely miss the kobold. The kobold hits you with a +4 whip. x2
You closely miss the kobold. The kobold misses you.
The kobold hits you with a +4 whip!
You barely miss the kobold. The kobold hits you with a +4 whip.
The kobold hits you with a +4 whip!
* * * LOW HITPOINT WARNING * * *
Unknown command.
You miss the kobold. The kobold barely misses you.
The kobold hits you with a +4 whip.
You die...

.##.####..............
..........####........
#.######.....#.#######
.....#.....#.#.......#
..##.#..#..#.#.."....#
### ##.#..#.#.......# #
#..#..#.#.......# #
#.#.......#.......+ #
#.......#.#..@....#
##########.###.#K.......
.........#.# #.#.##.####
.#######.#.# #.... ...
...).......# #.#... #.#
.########### #.#### .#
........ .. .####### .#


You could see a kobold.

Vanquished Creatures
  A ball python (D:1)
  2 bats (D:1)
  A hobgoblin (D:1)
  2 jackals (D:1)
  A goblin (D:1)
  A rat (D:1)
8 creatures vanquished.

Notes
Turn   | Place    | Note
-------+----------+-------------------------------------------
     0 | Abyss:1  | monsoonserge the Formicid Abyssal Knight began the quest
                  | for the Orb.
     0 | Abyss:1  | Reached XP level 1. HP: 18/18 MP: 2/2
    63 | D:1      | Escaped the Abyss
   125 | D:1      | Found a faded altar of an unknown god.
   545 | D:1      | Reached XP level 2. HP: 24/24 MP: 3/3
   745 | D:1      | Slain by a kobold

Illustrated notes

Levels and vault maps discovered:
D:1:      minmay_arrival_hallway, layout_basic,
          hellmonk_ecumenical_altar_dog_temple

Action                   || total
-------------------------++-------
Melee: Triple sword      ||    31
Invok: Bend Space        ||     1
Armor: Leather armour    ||    17
Dodge: Dodged            ||    49
